 Dungeon Crawl Stone Soup version 0.29.1-15-g9cfb28693d (webtiles) character file.

Game seed: 12377967237457759242

187345 RKaid the Stormcaller (level 18, -18/132 HPs)
             Began as an Octopode Air Elementalist on Dec 4, 2022.
             Was an Initiate of Gozag.
             Blown up by an orb spider (55 damage)
             ... with an orb of destruction
             ... on level 1 of the Spider Nest on Apr 27, 2023.
             The game lasted 03:49:11 (57426 turns).

RKaid the Stormcaller (Octopode Air Elementalist)  Turns: 57426, Time: 03:49:11

Health: -18/132    AC: 19    Str: 18    XL:     18   Next: 51%
Magic:  38/39      EV: 46    Int: 29    God:    Gozag
Gold:   4651       SH:  0    Dex: 14    Spells: 0/33 levels left

rFire   + + .      SeeInvis .     - Unarmed
rCold   + + .      Faith    .   (shield currently unavailable)
rNeg    . . .      Spirit   .   (helmet currently unavailable)
rPois   ∞          Reflect  .   U - amulet of the acrobat
rElec   +          Harm     .   f - ring of protection from fire {rF+}
rCorr   +          Rampage  .   P - ring of resist corrosion
Will    +....                   n - +4 ring of evasion
Stlth   +++.......              M - ring of magical power {MP+9}
HPRegen 0.32/turn               Y - +6 ring of intelligence
MPRegen 0.26/turn               x - ring of Ihaonoc {rC+ Str+6}
                                v - ring "Jec Siekk" {rF+ Str+4}
                                X - ring of protection from cold {rC+}

@: storm-form (expiring), acrobatic, flying
A: cleaving, insubstantial, flying, almost no armour, amphibious, 8 rings,
(camouflage 1), (gelatinous body 1), (nimble swimmer 1), (tentacles)
a: Blinkbolt, End Transformation, Renounce Religion, Potion Petition, Call
Merchant, Bribe Branch


You were on level 1 of the Spider Nest.
You worshipped Gozag.
Gozag was most pleased with you.
You were a lightning-filled tempest!
You visited 6 branches of the dungeon, and saw 28 of its levels.
You also visited: Sewer and Gauntlet.

You collected 9510 gold pieces.
You spent 2584 gold pieces at shops.
You paid 2275 gold pieces to Gozag.

Inventory:

Hand Weapons
 a - the +1 dagger "Zuddyes" {vamp, rElec rF+ rCorr Int+2}
   (You found it on level 5 of the Lair of Beasts)

   It occasionally heals its wielder for a portion of the damage dealt when it
   wounds a living foe.
   Int:       It affects your intelligence (+2).
   rF:        It protects you from fire.
   rElec:     It insulates you from electricity.
   rCorr:     It protects you from acid and corrosion.
 H - a +4 rapier of electrocution
   (You took it off Nikola on level 2 of the Swamp)
Missiles
 A - 6 atropa-tipped darts (quivered)
 G - 3 curare-tipped darts
Armour
 C - a +5 kite shield of protection (melded)
   (You found it in a Gauntlet)
 J - a +1 hat (melded)
   (You found it on level 9 of the Dungeon)
Magical Staves
 b - a staff of air (melded) {rElec}
   (You acquired it on level 15 of the Dungeon)
 w - a staff of poison {rPois}
   (You found it on level 11 of the Dungeon)
Jewellery
 f - a ring of protection from fire (left tentacle) {rF+}
   (You found it on level 1 of the Dungeon)
 n - a +4 ring of evasion (on tentacle)
   (You found it on level 1 of the Swamp)
 s - an amulet of regeneration {+regen}
   (You found it in a Gauntlet)
 v - the ring "Jec Siekk" (on tentacle) {rF+ Str+4}
   (You took it off a minotaur in a Gauntlet)

   [ring of protection from fire]

   Str:       It affects your strength (+4).
   rF:        It protects you from fire.
 x - the ring of Ihaonoc (on tentacle) {rC+ Str+6}
   (You found it in a Gauntlet)

   [ring of strength]

   Str:       It affects your strength (+6).
   rC:        It protects you from cold.
 y - the ring of Zaunnieg {Fire Str+2}
   (You found it on level 4 of the Lair of Beasts)

   [ring of fire]

   It enhances your fire magic.
   Str:       It affects your strength (+2).
   rF:        It protects you from fire.
   rC:        It makes you vulnerable to cold.
 I - a ring of positive energy {rN+}
   (You found it on level 2 of the Swamp)
 K - a ring of flight {+Fly}
   (You found it on level 9 of the Dungeon)
 M - a ring of magical power (on tentacle) {MP+9}
   (You found it on level 10 of the Dungeon)
 N - an amulet of magic regeneration {+MPregen}
   (You found it on level 5 of the Lair of Beasts)
 P - a ring of resist corrosion (right tentacle)
   (You took it off a wight on level 6 of the Dungeon)
 U - an amulet of the acrobat (around neck)
   (You took it off a gnoll on level 7 of the Dungeon)
 X - a ring of protection from cold (on tentacle) {rC+}
   (You found it in a Gauntlet)
 Y - a +6 ring of intelligence (on tentacle)
   (You found it on level 5 of the Lair of Beasts)
Wands
 D - a wand of digging (5)
   (You found it on level 4 of the Swamp)
 F - a wand of light (10)
   (You found it on level 4 of the Lair of Beasts)
 O - a wand of paralysis (15)
   (You found it on level 10 of the Dungeon)
 Z - a wand of iceblast (3)
   (You found it on level 14 of the Dungeon)
Scrolls
 g - 6 scrolls of immolation {!r}
 i - 3 scrolls of identify
 j - 2 scrolls of enchant armour
 l - 3 scrolls of blinking {!r}
 m - 7 scrolls of magic mapping {!r}
 p - 10 scrolls of fear
 t - 11 scrolls of teleportation
 B - a scroll of fog
 E - 5 scrolls of vulnerability {!r!r}
 T - 3 scrolls of poison {!r}
Potions
 c - 3 potions of curing
 d - 5 potions of resistance
 e - 8 potions of mutation {!q!q}
 h - 7 potions of heal wounds
 k - 6 potions of haste
 o - 3 potions of invisibility
 q - 3 potions of ambrosia
 r - 4 potions of lignification {!q}
 u - 3 potions of might
 z - 3 potions of berserk rage {!q}
 V - 4 potions of brilliance
Miscellaneous
 L - a phial of floods
   (You found it on level 10 of the Dungeon)
 Q - a condenser vane
   (You found it in a Gauntlet)
 R - a phantom mirror
   (You found it on level 13 of the Dungeon)
 W - a box of beasts
   (You found it on level 2 of the Lair of Beasts)


   Skills:
 + Level 14.7 Fighting
 - Level 12.0 Dodging
 - Level 7.0 Stealth
 - Level 7.0 Shields
 + Level 3.9 Unarmed Combat
 - Level 8.0 Spellcasting
 - Level 8.1 Conjurations
 - Level 4.5 Summonings
 - Level 3.5 Translocations
 + Level 9.7 Transmutations
 + Level 18.7 Air Magic


You couldn't memorise any spells.
You knew the following spells:

 Your Spells              Type           Power      Damage    Failure   Level
a - Shock                 Conj/Air       100%       1d9       1%          1
b - Summon Lightning Spi  Summ/Air       68%        N/A       1%          4
c - Airstrike             Air            44%        2d(7-23)  1%          4
d - Lightning Bolt        Conj/Air       37%        1d55      1%          5
e - Static Discharge      Conj/Air       74%        3-13/arc  1%          2
f - Storm Form            Tmut/Air       38%        N/A       12%         7
g - Maxwell's Capacitive  Air            44%        ∞         14%         8
B - Blink                 Tloc           64%        N/A       1%          2

Your spell library contained the following spells:

 Spells                   Type           Power      Damage    Failure   Level
 Swiftness                Air            88%        N/A       0%          3
 Apportation              Tloc           64%        N/A       1%          1
 Sting                    Tmut/Pois      100%       1d8       1%          1
 Summon Small Mammal      Summ           100%       N/A       1%          1
 Poisonous Vapours        Pois/Air       100%       N/A       1%          2
 Spider Form              Tmut/Pois      39%        N/A       1%          3
 Call Canine Familiar     Summ           38%        N/A       2%          3
 Gell's Gravitas          Tloc           32%        N/A       3%          3
 Lesser Beckoning         Tloc           32%        N/A       3%          3
 Teleport Other           Tloc           32%        N/A       3%          3
 Necrotise                Necr           44%        1d6       4%          1
 Iskenderun's Mystic Bla  Conj/Tloc      45%        2d10      4%          4
 Summon Guardian Golem    Hex/Summ       24%        N/A       5%          3
 Ensorcelled Hibernation  Hex/Ice        22%        N/A       7%          2
 Confusing Touch          Hex            11%        N/A       14%         3
 Inner Flame              Hex/Fire       11%        N/A       14%         3
 Vampiric Draining        Necr           11%        2d6       14%         3
 Yara's Violent Unravell  Hex/Tmut       19%        3d9       17%         5
 Manifold Assault         Tloc           32%        N/A       30%         5
 Anguish                  Hex/Necr       5%         N/A       41%         4
 Cause Fear               Hex            5%         N/A       41%         4
 Olgreb's Toxic Radiance  Pois           11%        N/A       41%         4
 Agony                    Necr           11%        N/A       77%         5
 Dispersal                Tloc           16%        N/A       86%         6
 Enfeeble                 Hex            5%         N/A       100%        7
 Discord                  Hex            5%         N/A       100%        8
 Disjunction              Tloc           16%        N/A       100%        8


Dungeon Overview and Level Annotations

Branches:
Dungeon (15/15)            Temple (1/1) D:5            Lair (5/5) D:11
  Swamp (4/4) Lair:3       Spider (1/4) Lair:2        Slime (0/5) Lair:5
    Orc (2/2) D:10            Elf (0/3) Orc:2        Vaults (0/5) D:13
 Depths (0/4) D:15          Sewer (visited)         Gauntlet (visited)

Altars:
Ashenzari
Cheibriados
Dithmenos
Elyvilon
Fedhas
Gozag
Hepliaklqana
Kikubaaqudgha
Makhleb
Nemelex Xobeh
Okawaru
Qazlal
Ru
Sif Muna
Trog
Uskayaw
Vehumet
Wu Jian
Xom
Yredelemnul
Zin
The Shining One
Jiyva

Shops:
D:11 :(   D:14 :   D:15 ?   Orc:1 :*   Orc:2 :[??

Annotations:
D:3 2 transporters, Sikaos's ghost, amateur GrEE
D:4 1 runed translucent door, DominarK's ghost, novice TrBe
D:10 3 runed translucent doors, Henri's ghost, novice OpVM
D:12 3 runed translucent doors, SnailSD's ghost, journeyman MiBe
Swamp:4 Lernaean hydra


Innate Abilities, Weirdness & Mutations

You are a lightning-filled tempest!
Your electrical attacks strike out in all directions at once.
You are incredibly evasive.
Your insubstantial body is immune to petrification, constriction, and being set on fire You are flying.
You are immune to poison.
Your armour is entirely melded.
You are incapable of wielding weapons or throwing items.
You cannot wear most types of armour.
You are amphibious.
You can wear up to eight rings at the same time.
((Your skin changes colour to match your surroundings (Stealth+).))
((Your rubbery body absorbs attacks. (AC +1, EV +1)))
((You are camouflaged when in or above water. (Stealth+)))
((You have tentacles for arms and can constrict up to eight enemies at once.))


Message History

You now have 4645 gold pieces (gained 3).
You now have 4648 gold pieces (gained 3).
You now have 4651 gold pieces (gained 3).
You see here a +1 scale mail of poison resistance.
You are caught in the web!
There is a web here.
You struggle to detach yourself from the web.
You disentangle yourself.
A jumping spider comes into view.
The jumping spider's many legs skitter faintly.
A jumping spider and a tarantella come into view.
The jumping spider leaps!
An orb spider comes into view.
Casting: Summon Lightning Spire (mildly dangerous; 1% risk of failure)
Confirm with . or Enter, or press ? or * to list all spells.
You feel a surge of power!
You turn into a lightning-filled tempest!
Your staff of air {rElec} melds into your body.
Your +1 hat melds into your body.
Your +5 kite shield of protection melds into your body.
You feel less protected.
The jumping spider's many legs skitter faintly.
The orb spider's many legs skitter faintly.
The tarantella's many legs skitter faintly.
You hear a faint skittering sound. x2
The jumping spider leaps!
The jumping spider misses you.
The jumping spider completely misses you.
A jumping spider comes into view.
The orb spider pulsates with a strange energy.
You blast the jumping spider!!!
You kill the jumping spider!
You buffet the jumping spider!
A jumping spider comes into view.
The jumping spider pounces on you but does no damage.
The jumping spider misses you.
You blast the jumping spider!!!
Lightning courses through the jumping spider!!
You kill the jumping spider!
The orb spider is distracted by your dazzling golden aura.
The jumping spider leaps!
Casting: Storm Form (dangerous; 12% risk of failure)
Confirm with . or Enter, or press ? or * to list all spells.
An electric hum fills the air.
The orb spider's many legs skitter faintly.
You batter the tarantella!! The tarantella touches you!
The jumping spider leaps!
You batter the tarantella!!
You kill the tarantella!
Your lightning spire shoots out a bolt of lightning at the jumping spider!
The bolt of electricity misses the jumping spider.
The jumping spider leaps!
The orb spider is no longer distracted by gold.
The jumping spider leaps!
The orb spider weaves a glowing orb of energy.
An orb of destruction comes into view.
You see here 6 gold pieces.
Your lightning spire shoots out a bolt of lightning at the jumping spider!
The bolt of electricity hits the jumping spider!
The jumping spider completely misses you. x2
You barely miss the jumping spider.
Your lightning spire shoots out a bolt of lightning at the jumping spider!
The bolt of electricity hits the jumping spider!
The bolt of electricity misses the jumping spider.
The orb spider pulsates with a strange energy.
The jumping spider leaps!
You buffet the jumping spider!
You kill the jumping spider!
The jumping spider leaps!
The orb of destruction hits you!!!
The jumping spider leaps!
The orb spider is distracted by your dazzling golden aura.
The jumping spider is distracted by your dazzling golden aura.
The orb spider is no longer distracted by gold.
The orb spider weaves a glowing orb of energy.
An orb of destruction comes into view.
You see here 6 gold pieces.
You see here 6 gold pieces.
The jumping spider is no longer distracted by gold.
Your lightning spire shoots out a bolt of lightning at the orb spider!
The bolt of electricity hits the orb spider!
The jumping spider completely misses you. x2
The orb spider pulsates with a strange energy.
The jumping spider completely misses you. x2
The orb of destruction hits you!!
You batter the jumping spider!! The jumping spider barely misses you.
The jumping spider closely misses you.
Your lightning spire shoots out a bolt of lightning at the jumping spider!
The bolt of electricity hits the jumping spider!
The jumping spider dies!
Your lightning spire disappears in a puff of smoke!
The orb spider weaves a glowing orb of energy.
An orb of destruction comes into view.
You see here 9 gold pieces.
You feel much better. The orb of destruction hits you!!!
* * * LOW HITPOINT WARNING * * *
The orb spider pulsates with a strange energy.
The orb spider weaves a glowing orb of energy.
An orb of destruction comes into view.
Your transformation is almost over.
The orb of destruction hits you!!!
You die...

##.........###..## #..#
#..^#.
#.........###...###..# ###
#. ###.....##.#....... #.
#. ....###.###........ ...
#. ...####............#
.... #. ..
##.....[.......##..... #.
. ##^##..................
#. ##.####...........#
.... #.
.##....####....#v...##...#
#.
.#......########.○........
.........#########☼..#...#
.#......^.##......○..##..#
.........##.......°......#
..#.....##........°#......
.###...###........○##....#
. #...##.......#.°......##
####.........#.s.##....#


There were no monsters in sight!

Vanquished Creatures
  Mlioglotl (Swamp:3)
  2 ghouls (Swamp:2)
  4 eleionomae
  A minotaur (Gauntlet)
  A bunyip (Swamp:4)
  2 entropy weavers (Spider:1)
  2 shambling mangroves
  An ettin (D:15)
  Snorg (Lair:5)
  13 hydras
  5 vault guards
  4 ghost crabs
  3 centaur warriors
  4 catoblepae (Lair:5)
  3 boulder beetles
  5 two-headed ogres
  6 alligators
  11 death yaks
  2 tengu warriors
  3 orc high priests (Orc:2)
  2 skeletal warriors (D:13)
  2 goliath frogs
  A deep troll (D:15)
  8 swamp dragons
  A bog body (Swamp:3)
  A steelbarb worm (Spider:1)
  5 orc knights
  Pikel (D:5)
  A deep elf pyromancer (D:13)
  A harpy (shapeshifter) (D:14)
  A wolf spider zombie (D:14)
  3 oklob plants (Lair:5)
  4 orc sorcerers (Orc:2)
  3 wolf spiders
  6 ugly things
  3 manticores
  6 cyclopes
  4 centaur zombies (D:14)
  9 black mambas
  2 gargoyles
  2 torpor snails
  12 cane toads
  4 rime drakes
  2 freezing wraiths
  A demonic crawler (Spider:1)
  A tengu conjurer (D:15)
  8 komodo dragons
  A yaktaur (D:13)
  5 kobold demonologists
  A harpy zombie (D:14)
  A polar bear (Lair:4)
  11 hornets
  3 trolls
  4 tyrant leeches
  5 tarantellas (Spider:1)
  A tarantella (shapeshifter) (D:12)
  3 slime creatures
  10 blink frogs
  2 shadows (D:13)
  A centaur simulacrum (D:13)
  5 water elementals
  8 spriggans
  9 jumping spiders (Spider:1)
  3 culicivoras (Spider:1)
  A vampire (D:13)
  A hog (shapeshifter) (D:15)
  3 wraiths
  2 wyverns (Lair:3)
  41 yaks
  A fire elemental (Lair:4)
  A hog (D:15)
  3 steam dragons
  2 basilisks
  9 vampire mosquitoes
  6 redbacks
  3 wargs
  12 swamp worms
  4 acid dragons
  15 water moccasins
  15 orc warriors
  9 swamp drakes
  4 black bears
  A sky beast (D:6)
  A sky beast (shapeshifter) (D:13)
  14 ogres
  17 wolves
  5 centaurs
  A kobold brigand (D:6)
  6 bullfrogs
  A gnoll sergeant (D:11)
  2 scorpions
  16 wights
  7 electric eels
  3 howler monkeys
  2 jellies
  8 hounds
  20 orc priests
  4 gnoll boudas
  11 iguanas
  19 orc wizards
  A boggart zombie (D:14)
  A hell rat (Lair:4)
  14 adders
  23 gnolls
  4 river rats (Sewer)
  A shadow imp (D:6)
  4 white imps
  2 worms
  2 dart slugs
  70 orcs
  9 bats
  9 endoplasms
  3 giant cockroaches
  6 goblins
  11 hobgoblins
  4 jackals (D:4)
  13 kobolds
  2 quokkas
  13 ball pythons
  12 frilled lizards
  23 rats
  A bush (Lair:4)
739 creatures vanquished.

Vanquished Creatures (collateral kills)
  Nikola (Swamp:2)
  Jorgrun (Swamp:3)
  Aizul (Swamp:2)
  An orc warlord (Orc:2)
  A ghoul (Swamp:2)
  An eleionoma (Swamp:2)
  3 vault guards
  5 hydras
  An ogre mage (D:12)
  2 boulder beetles (D:13)
  A centaur warrior (D:13)
  6 two-headed ogres
  An alligator (Swamp:1)
  A tengu warrior (D:15)
  A skeletal warrior (D:13)
  An orb spider (Spider:1)
  3 bog bodies
  A swamp dragon (Swamp:4)
  2 wizards (D:15)
  A deep elf pyromancer (D:13)
  2 orc knights
  11 ugly things
  A cyclops (D:13)
  3 centaur zombies (D:14)
  A komodo dragon (D:13)
  A tengu conjurer (D:14)
  A harpy zombie (D:14)
  3 bloated husks
  4 hornets
  2 trolls
  3 tyrant leeches
  4 slime creatures
  2 meliai zombies (D:14)
  3 jumping spiders (Spider:1)
  A centaur simulacrum (D:15)
  2 culicivoras (Spider:1)
  3 spriggans
  A water elemental (D:12)
  3 yaks (D:12)
  A hog (D:14)
  2 redbacks (Spider:1)
  3 swamp worms
  13 orc warriors
  5 ogres
  2 swamp drakes (Swamp:4)
  A hornet zombie (D:14)
  A necrophage (Swamp:2)
  10 orc priests
  8 orc wizards
  23 orcs
155 creatures vanquished.

Vanquished Creatures (others)
  Kirke (D:15)
  A demonic crawler (Spider:1)
  3 bloated husks
  2 humans (D:15)
  An orc wizard (D:11)
  45 fungi
  111 plants
  5 toadstools (D:13)
  2 withered plants (D:4)
171 creatures vanquished.

Grand Total: 1065 creatures vanquished

Notes
Turn   | Place    | Note
-------+----------+-------------------------------------------
     0 | D:1      | RKaid the Octopode Air Elementalist began the quest for the
                  | Orb.
     0 | D:1      | Reached XP level 1. HP: 11/11 MP: 3/3
   277 | D:1      | Reached XP level 2. HP: 13/18 MP: 0/5
   934 | D:1      | Reached XP level 3. HP: 22/22 MP: 3/6
  1056 | D:1      | Found a faded altar of an unknown god.
  1588 | D:2      | Reached skill level 1 in Fighting
  1849 | D:2      | Reached XP level 4. HP: 28/28 MP: 1/7
  2351 | D:3      | Learned a level 2 spell: Static Discharge
  2356 | D:3      | Learned a level 4 spell: Airstrike
  2718 | D:3      | Found a transporter.
  2739 | D:3      | Found a transporter.
  2751 | D:3      | Noticed Sikaos's ghost (amateur GrEE)
  3360 | D:3      | Found an ancient bone altar of Kikubaaqudgha.
  3375 | D:3      | Found a sparkling altar of Nemelex Xobeh.
  3543 | D:3      | Found a bloodstained altar of Trog.
  3680 | D:3      | Reached skill level 2 in Conjurations
  3680 | D:3      | Reached skill level 4 in Air Magic
  3680 | D:3      | Reached XP level 5. HP: 29/33 MP: 1/8
  4114 | D:4      | Found a runed translucent door.
  4118 | D:4      | Noticed DominarK's ghost (novice TrBe)
  4314 | D:4      | Reached skill level 3 in Dodging
  4632 | D:4      | Reached XP level 6. HP: 34/39 MP: 2/10
  4676 | D:4      | Reached skill level 2 in Fighting
  5049 | D:4      | You fall into a shaft and drop 1 floor!
  5049 | D:5      | Entered Level 5 of the Dungeon
  5213 | D:5      | Found a glowing drain.
  5229 | D:5      | Reached skill level 3 in Spellcasting
  5269 | Sewer    | Entered a sewer
  5814 | Sewer    | Identified the +2 leather armour of the Hippo {MP+9}
  6012 | Sewer    | Reached skill level 5 in Air Magic
  6012 | Sewer    | Reached XP level 7. HP: 17/45 MP: 1/11
  6014 | Sewer    | HP: 5/45 [bullfrog (8)]
  6014 | Sewer    | HP: 2/45 [adder (4)]
  6017 | Sewer    | Reached skill level 3 in Conjurations
  6502 | D:4      | Identified the +1 leather armour of Sif Muna's Scorn {rCorr
                  | Str+4}
  7119 | D:5      | Found a staircase to the Ecumenical Temple.
  7128 | Temple   | Entered the Ecumenical Temple
  7146 | Temple   | Became a worshipper of Gozag Ym Sagoz the Greedy
  7178 | D:5      | Reached skill level 4 in Dodging
  7285 | D:5      | Noticed Pikel
  7306 | D:5      | Killed Pikel
  7307 | D:5      | Reached skill level 3 in Fighting
  7307 | D:5      | Reached skill level 4 in Spellcasting
  7307 | D:5      | Reached skill level 6 in Air Magic
  7307 | D:5      | Reached XP level 8. HP: 52/52 MP: 2/14
  7807 | D:5      | Reached skill level 4 in Conjurations
  8187 | D:6      | Reached skill level 4 in Fighting
  8264 | D:6      | Reached skill level 5 in Dodging
  8264 | D:6      | Reached skill level 7 in Air Magic
  8326 | D:6      | Reached XP level 9. HP: 46/58 MP: 6/15
  9277 | D:7      | Found a glowing golden altar of the Shining One.
 10071 | D:7      | Reached skill level 5 in Spellcasting
 10170 | D:7      | Noticed a komodo dragon
 10210 | D:7      | Killed a komodo dragon
 10211 | D:7      | Reached skill level 5 in Conjurations
 10211 | D:7      | Reached skill level 8 in Air Magic
 10430 | D:7      | Reached skill level 5 in Fighting
 10666 | D:7      | Reached skill level 6 in Dodging
 11317 | D:7      | Reached XP level 10. HP: 66/66 MP: 7/18
 11614 | D:8      | Found a broken altar of Ashenzari.
 11798 | D:8      | Reached skill level 9 in Air Magic
 12042 | D:8      | Saw a vision of the Swamp and the Spider Nest.
 12042 | D:8      | Noticed a seven-headed hydra
 12042 | D:8      | Noticed an entropy weaver
 12042 | D:8      | Noticed a demonic crawler
 12042 | D:8      | Noticed a wolf spider
 12042 | D:8      | Noticed a steelbarb worm
 12042 | D:8      | Noticed an orb spider
 12043 | D:8      | Noticed a demonic crawler
 12044 | D:8      | Noticed a spriggan druid
 12044 | D:8      | Noticed an entropy weaver
 12046 | D:8      | Noticed a pharaoh ant
 12048 | D:8      | Noticed a five-headed hydra
 12074 | D:8      | Found a radiant altar of Vehumet.
 12174 | D:8      | Found an iron altar of Okawaru.
 12174 | D:8      | Noticed a kobold demonologist
 12178 | D:8      | Killed a kobold demonologist
 12182 | D:8      | Noticed a kobold demonologist
 12259 | D:8      | Killed a kobold demonologist
 12259 | D:8      | Noticed a kobold demonologist
 12334 | D:8      | Killed a kobold demonologist
 12499 | D:8      | Reached skill level 6 in Fighting
 12501 | D:8      | HP: 17/68 [yak (11)]
 12501 | D:8      | HP: 7/68 [yak (10)]
 12876 | D:7      | Learned a level 5 spell: Lightning Bolt
 13020 | D:8      | Reached skill level 6 in Spellcasting
 13200 | D:8      | Reached skill level 3 in Stealth
 13617 | D:9      | Reached skill level 10 in Air Magic
 13940 | D:9      | Reached skill level 4 in Stealth
 14849 | D:10     | Entered Level 10 of the Dungeon
 15141 | D:9      | Reached XP level 11. HP: 74/74 MP: 18/20
 15161 | D:9      | Reached skill level 5 in Stealth
 15629 | D:10     | Found a staircase to the Orcish Mines.
 15706 | D:10     | Noticed a deep elf pyromancer
 15707 | D:10     | Noticed Henri's ghost (novice OpVM)
 15716 | D:10     | Found a runed translucent gate.
 15716 | D:10     | Found a runed translucent gate.
 15716 | D:10     | Found a runed translucent gate.
 15719 | D:10     | Noticed a yaktaur captain
 15892 | D:10     | Noticed a two-headed ogre
 15899 | D:10     | Killed a two-headed ogre
 15900 | D:10     | Reached skill level 7 in Fighting
 16819 | D:11     | Noticed a two-headed ogre
 16840 | D:11     | Noticed a purple ugly thing
 16847 | D:11     | Reached skill level 6 in Stealth
 16879 | D:11     | Reached skill level 7 in Spellcasting
 16879 | D:11     | Reached skill level 11 in Air Magic
 17050 | D:11     | Noticed a cyclops
 17050 | D:11     | Found Kouxox's Antique Weapon Emporium.
 17561 | D:11     | Killed a two-headed ogre
 17678 | D:11     | Killed a cyclops
 17729 | D:11     | Killed a purple ugly thing
 17890 | D:11     | Noticed a cyclops
 17894 | D:11     | Killed a cyclops
 17895 | D:11     | Reached skill level 7 in Stealth
 18077 | D:11     | Noticed an eight-headed hydra
 18088 | D:11     | Killed an eight-headed hydra
 18089 | D:11     | Noticed a two-headed ogre
 18221 | D:11     | Killed a two-headed ogre
 18222 | D:11     | Reached skill level 7 in Dodging
 18263 | D:11     | Noticed an orc knight
 18545 | D:11     | Reached skill level 8 in Fighting
 18573 | D:11     | Reached skill level 12 in Air Magic
 18779 | D:11     | Reached XP level 12. HP: 82/82 MP: 23/23
 19133 | D:11     | Found a staircase to the Lair.
 19329 | D:11     | Learned a level 2 spell: Blink
 19532 | Lair:1   | Entered Level 1 of the Lair of Beasts
 19616 | Lair:1   | Noticed a five-headed hydra
 19637 | Lair:1   | Killed a five-headed hydra
 19638 | Lair:1   | Reached skill level 8 in Spellcasting
 19792 | Lair:1   | Reached skill level 1 in Translocations
 19822 | Lair:1   | Noticed an eight-headed hydra
 19829 | Lair:1   | Killed an eight-headed hydra
 20549 | Lair:1   | Reached skill level 2 in Translocations
 21307 | Lair:2   | Reached skill level 8 in Dodging
 21700 | Lair:2   | Reached skill level 13 in Air Magic
 22051 | Lair:2   | Found a hole to the Spider Nest.
 22134 | Lair:2   | Reached skill level 3 in Translocations
 22284 | Lair:2   | Reached skill level 9 in Fighting
 22754 | Lair:3   | Found a gate leading to a gauntlet.
 22757 | Lair:3   | Reached skill level 6 in Conjurations
 22806 | Gauntlet | Entered a Gauntlet
 22806 | Gauntlet | Found a transporter.
 22806 | Gauntlet | Found a transporter.
 22806 | Gauntlet | Found a transporter.
 22808 | Gauntlet | Noticed a death scarab
 22828 | Gauntlet | Found a transporter.
 22830 | Gauntlet | Found a large runed translucent door.
 22831 | Gauntlet | Found a large runed translucent door.
 22832 | Gauntlet | Found a large runed translucent door.
 22832 | Gauntlet | Found a large runed translucent door.
 22832 | Gauntlet | Found a runed translucent door.
 22832 | Gauntlet | Found a runed translucent door.
 22833 | Gauntlet | Found a large runed translucent door.
 22834 | Gauntlet | Found a large runed translucent door.
 22834 | Gauntlet | Found a large runed translucent door.
 22834 | Gauntlet | Found a large runed translucent door.
 22834 | Gauntlet | Found a large runed translucent door.
 22834 | Gauntlet | Found a large runed translucent door.
 22835 | Gauntlet | Found a large runed translucent door.
 22835 | Gauntlet | Found a large runed translucent door.
 22836 | Gauntlet | Found a runed translucent gate.
 22836 | Gauntlet | Found a runed translucent gate.
 22836 | Gauntlet | Found a runed translucent gate.
 22838 | Gauntlet | Found a transporter.
 22841 | Gauntlet | Found a transporter.
 22848 | Gauntlet | Found a large runed translucent door.
 22849 | Gauntlet | Found a large runed translucent door.
 22849 | Gauntlet | Noticed a quicksilver ooze
 22861 | Gauntlet | Found a transporter.
 22875 | Gauntlet | Found a transporter.
 22879 | Gauntlet | Noticed an entropy weaver
 22890 | Gauntlet | Found a transporter.
 22892 | Gauntlet | Found a transporter.
 22897 | Gauntlet | Noticed a death scarab
 22903 | Gauntlet | Found a transporter.
 22903 | Gauntlet | Found a transporter.
 22931 | Gauntlet | Found a large runed translucent door.
 22931 | Gauntlet | Found a large runed translucent door.
 23140 | Gauntlet | Identified the ring of Ihaonoc {rC+ Str+6}
 23315 | Gauntlet | Identified the ring "Jec Siekk" {rF+ Str+4}
 23315 | Gauntlet | Noticed a minotaur
 23327 | Gauntlet | Killed a minotaur
 23328 | Gauntlet | Reached XP level 13. HP: 68/90 MP: 19/25
 23422 | Gauntlet | Got the Compendium of the Tick
 23658 | Lair:3   | HP: 13/90 [cane toad (24)]
 23666 | Lair:3   | HP: 1/90 [komodo dragon (24)]
 23674 | Lair:3   | Reached skill level 1 in Shields
 24367 | Lair:3   | Reached skill level 2 in Shields
 24598 | Lair:3   | Upgraded the game from 0.29.1-4-g47bece8355 to
                  | 0.29.1-12-g30fa7ad0bf
 24598 | Lair:3   | Upgraded the game from 0.29.1-12-g30fa7ad0bf to
                  | 0.29.1-13-g9f3cf754e1
 24598 | Lair:3   | Upgraded the game from 0.29.1-13-g9f3cf754e1 to
                  | 0.29.1-15-g9cfb28693d
 25610 | Lair:3   | Reached skill level 14 in Air Magic
 25918 | Lair:3   | Found a staircase to the Swamp.
 26247 | Lair:3   | Reached skill level 7 in Conjurations
 26301 | Lair:4   | Reached skill level 3 in Shields
 26341 | Lair:4   | Identified the ring of Zaunnieg {Fire Str+2}
 27608 | Lair:4   | Reached skill level 10 in Fighting
 28570 | Lair:4   | Reached skill level 4 in Shields
 28935 | Lair:5   | Entered Level 5 of the Lair of Beasts
 29015 | Lair:5   | Noticed Snorg
 30006 | Lair:5   | Killed Snorg
 30372 | Lair:5   | Reached XP level 14. HP: 99/99 MP: 26/26
 30470 | Lair:5   | Reached skill level 8 in Conjurations
 30775 | Lair:5   | Reached skill level 15 in Air Magic
 31024 | Lair:5   | Reached skill level 5 in Shields
 31659 | Lair:5   | HP: 22/99 [death yak (23)]
 32662 | Lair:5   | Reached skill level 11 in Fighting
 32662 | Lair:5   | Reached skill level 9 in Dodging
 33830 | Lair:5   | Identified the +1 dagger "Zuddyes" {vamp, rElec rF+ rCorr
                  | Int+2}
 34008 | Lair:5   | Found a staircase to the Slime Pits.
 34087 | Lair:5   | Found a viscous altar of Jiyva.
 34092 | Lair:5   | Reached skill level 16 in Air Magic
 34380 | Orc:1    | Entered Level 1 of the Orcish Mines
 34380 | Orc:1    | Found Nias's Book Shoppe.
 34727 | Orc:1    | Bought a book of the Sky for 660 gold pieces
 34732 | Orc:1    | Learned a level 4 spell: Summon Lightning Spire
 35010 | Orc:1    | Found Nil Visi's CLEARANCE SALE!.
 35150 | Orc:1    | Bought a scroll of immolation for 24 gold pieces
 35431 | Orc:2    | Entered Level 2 of the Orcish Mines
 35472 | Orc:2    | Reached skill level 1 in Summonings
 35580 | Orc:2    | Noticed an orc warlord
 35589 | Orc:2    | Killed an orc warlord
 36147 | Orc:2    | Found a staircase to the Elven Halls.
 36873 | Orc:2    | Reached skill level 2 in Summonings
 37399 | Orc:2    | Reached XP level 15. HP: 108/108 MP: 24/27
 37423 | Orc:2    | Reached skill level 10 in Dodging
 37424 | Orc:2    | Reached skill level 3 in Summonings
 37743 | Orc:2    | Found Bait's Magic Scroll Shop.
 37743 | Orc:2    | Found Rode's Book Shop.
 37745 | Orc:2    | Found Wouse's Magic Scroll Shoppe.
 37745 | Orc:2    | Found Mauff's Antique Armour Shoppe.
 37810 | Orc:2    | Bought a scroll of teleportation for 48 gold pieces
 37810 | Orc:2    | Bought a scroll of identify for 32 gold pieces
 37810 | Orc:2    | Bought 3 scrolls of identify for 96 gold pieces
 37810 | Orc:2    | Bought a scroll of identify for 32 gold pieces
 37810 | Orc:2    | Bought 3 scrolls of magic mapping for 360 gold pieces
 37810 | Orc:2    | Bought a scroll of magic mapping for 120 gold pieces
 37810 | Orc:2    | Bought 3 scrolls of immolation for 192 gold pieces
 37824 | Orc:2    | Bought a scroll of identify for 30 gold pieces
 38674 | D:12     | Reached skill level 12 in Fighting
 38689 | D:12     | Paralysed by an ogre mage for 5 turns
 38701 | D:12     | HP: 21/108 [two-headed ogre/+0 giant spiked club (19)]
 38701 | D:12     | HP: 1/108 [two-headed ogre/+0 giant spiked club (20)]
 38882 | D:12     | Found a runed translucent gate.
 38882 | D:12     | Found a runed translucent gate.
 38882 | D:12     | Found a runed translucent gate.
 38882 | D:12     | Noticed SnailSD's ghost (journeyman MiBe)
 38948 | D:12     | Reached skill level 4 in Summonings
 39921 | D:13     | Identified the +9 mace "Spider's Undoing" {vorpal, Will-
                  | Dex+4}
 40897 | D:13     | Reached skill level 1 in Transmutations
 41563 | D:13     | Reached skill level 2 in Transmutations
 41869 | D:13     | Found a gate to the Vaults.
 42296 | D:13     | Reached skill level 11 in Dodging
 42588 | D:13     | Reached skill level 3 in Transmutations
 42950 | D:13     | Reached skill level 17 in Air Magic
 43721 | D:13     | Identified the ring of Liff {*Corrode rN+ Str+3 Dex+2}
 44221 | D:14     | Found a shimmering blue altar of Sif Muna.
 44284 | D:14     | Reached skill level 4 in Transmutations
 44470 | D:14     | Reached XP level 16. HP: 116/116 MP: 17/28
 44780 | D:14     | Reached skill level 13 in Fighting
 44882 | D:14     | Found a basalt altar of Yredelemnul.
 46453 | D:15     | Entered Level 15 of the Dungeon
 47110 | D:15     | Reached skill level 5 in Transmutations
 47493 | D:15     | Noticed Kirke
 47501 | D:15     | Killed Kirke
 47878 | D:15     | Found a staircase to the Depths.
 48117 | D:15     | Found Pecosifyo's Magic Scroll Shoppe.
 48205 | D:15     | Reached skill level 12 in Dodging
 48564 | D:15     | Bought a scroll of acquirement for 936 gold pieces
 48566 | D:15     | Reached skill level 7 in Transmutations
 48566 | D:15     | Reached XP level 17. HP: 123/123 MP: 29/29
 48568 | D:15     | Bought a scroll of teleportation for 54 gold pieces
 49105 | D:15     | Acquired a staff of air
 49352 | Swamp:1  | Entered Level 1 of the Swamp
 50946 | Swamp:2  | Reached skill level 18 in Air Magic
 50971 | Swamp:2  | Reached skill level 6 in Shields
 50971 | Swamp:2  | Reached skill level 8 in Transmutations
 51329 | Swamp:2  | Noticed Aizul
 51336 | Swamp:2  | Killed Aizul
 51700 | Swamp:2  | Reached skill level 14 in Fighting
 51853 | Swamp:2  | Noticed Nikola
 51864 | Swamp:2  | Killed Nikola
 52415 | Swamp:3  | Noticed Mlioglotl
 52432 | Swamp:2  | Learned a level 7 spell: Storm Form
 52684 | Swamp:3  | Killed Mlioglotl
 52978 | Swamp:3  | Reached XP level 18. HP: 131/131 MP: 23/30
 53428 | Swamp:3  | Reached skill level 7 in Shields
 53442 | Swamp:3  | Noticed Jorgrun
 54204 | Swamp:3  | Killed Jorgrun
 54245 | Swamp:4  | Entered Level 4 of the Swamp
 54264 | Swamp:4  | Reached skill level 1 in Unarmed Combat
 54434 | Swamp:4  | Reached skill level 9 in Transmutations
 55078 | Swamp:4  | Reached skill level 2 in Unarmed Combat
 55607 | Swamp:4  | Noticed the 27-headed Lernaean hydra
 55955 | Swamp:4  | Reached skill level 3 in Unarmed Combat
 56152 | Swamp:3  | Learned a level 8 spell: Maxwell's Capacitive Coupling
 56382 | Spider:1 | Entered Level 1 of the Spider Nest
 57409 | Spider:1 | HP: 32/132 [disintegration (37)]
 57426 | Spider:1 | Blown up by an orb spider

Illustrated notes

Levels and vault maps discovered:
D:1:      dreamdust_arrival_sigmund_warning, layout_basic,
          ebering_ecumenical_altar_sacrificial, grunt_decor_arrowhead
D:2:      layout_rooms, hangedman_decor_clover_reticule, grunt_ministairs_10
D:3:      layout_basic, amethyst_overflow_temple_binary, trog_book,
          gammafunk_ghost_mausoleum, amcnicky_mini_corridor_feature,
          minmay_diced_spiral
D:4:      layout_cave_pools, gammafunk_ghost_grave, serial_forest,
          infiniplex_forest_straight_2, infiniplex_forest_clump_diagonal,
          infiniplex_forest_straight_4, infiniplex_forest_end_double
D:5:      layout_gridville, minmay_temple_entry_junction_2,
          cheibrodos_sewer_entry_sluice, serial_bayou, serial_bayou_pond_e,
          serial_bayou_pond_d, serial_bayou_lagoon_a, serial_bayou_pond_e,
          uniq_pikel
D:6:      layout_rooms, kennysheep_pointless_box
D:7:      layout_basic, mainiacjoe_overflow_cross_hatched, minmay_lizard_king
D:8:      layout_cave_pools, mainiacjoe_overflow_catwalk_spiral,
          grunt_ashenzari_visionary [grunt_ashenzari_visionary_swamp,
          grunt_ashenzari_visionary_spider]
D:9:      layout_stronghold
D:10:     layout_layer_cave, david_orc_3, gammafunk_ghost_split,
          minmay_misc_feat_pillars
D:11:     layout_cave_pools, erik_lair_island, serial_shops, shop, special_room
          [special_room_orc], minmay_misc_feat_columns,
          dreamdust_princess_corridor, minmay_between
D:12:     layout_roguey, gammafunk_ghost_spectres, nicolae_underground_beach
D:13:     minmay_the_grid_octo_2x2 [minmay_the_grid_octo_fat_diamond,
          minmay_the_grid_octo_thin_diamonds, minmay_the_grid_octo_empty,
          minmay_the_grid_octo_prize_single_spiral], layout_loops_cross,
          erik_vaults_2, minmay_gold_behind_fungi
D:14:     layout_basic, nicolae_sif_muna_condensation,
          nicolae_yredelemnul_corpse_copse
D:15:     hangedman_depths_entry_civil_slaughter, layout_loops_cross,
          serial_shops, shop, minivault_5, serial_bayou_lagoon_b, uniq_kirke
Temple:   minmay_freezing_vapour_temple
Lair:1:   layout_gridlike, grunt_forest_small_clearings, lemuel_fruit_tree,
          serial_bayou_shore_a, lemuel_fruit_fields
Lair:2:   layout_regular_city, spider_nest_entry_a, guppyfry_lair_drakes,
          grunt_megastairs_3
Lair:3:   layout_roguey, palyth_hydra_swamp_entry, gauntlet_entry_generic
Lair:4:   wad_woods_structure_01, layout_gridlike, grunt_megastairs_2
Lair:5:   evilmike_catoblepas_cave, layout_cave_pods,
          minmay_slime_entry_oklob_open, uniq_snorg
Swamp:1:  layout_basic_swamp, evilmike_swamp_ruin_house_1, swamp_pool5
Swamp:2:  layout_basic_swamp, evilmike_swamp_ruin_rubble_2, swamp_pool5,
          uniq_nikola, uniq_aizul
Swamp:3:  layout_falls_marsh, evilmike_swamp_ruin_house_3, swamp_pool5,
          uniq_mlioglotl, uniq_jorgrun
Swamp:4:  swamp_old_school, layout_basic_swamp
Spider:1: layout_chambers, hangedman_spider_tarantella_strand
Orc:1:    layout_diamond_mine, serial_shops, nicolae_shop_advertising_works
          [nicolae_subvault_shop_adworks], nicolae_shop_clearance
Orc:2:    st_orc_elflike, layout_diamond_mine

Skill      XL: |  1  2  3  4  5  6  7  8  9 10 11 12 13 14 15 16 17 18 |
---------------+-------------------------------------------------------+-----
Fighting       | 1 2 3 4 5 6 8 9 10 11 12 13 14 | 14.7
Conjurations   | 2 3 4 5 6 7 8 |  8.1
Air Magic      | 4 5 6 7 8 10 12 13 14 16 17 18 | 18.7
Dodging        | 3 4 5 6 7 8 9 11 12 | 12.0
Spellcasting   | 3 4 5 6 7 8 |  8.0
Stealth        | 4 7 |  7.0
Translocations | 3 |  3.5
Shields        | 4 5 6 7 |  7.0
Summonings     | 2 4 |  4.5
Transmutations | 4 7 8 9 |  9.7
Unarmed Combat | 3 |  3.9

Action                   |  1- 3 |  4- 6 |  7- 9 | 10-12 | 13-15 | 16-18 || total
-------------------------+-------+-------+-------+-------+-------+-------++-------
Melee: Unarmed           |     9 |    14 |       |       |       |    96 ||   119
       Tentacles         |     5 |     9 |    12 |    15 |   107 |    33 ||   181
       Constrict         |     3 |    13 |    10 |    12 |    35 |     6 ||    79
       Punch             |       |     1 |       |     4 |     4 |     7 ||    16
       Dagger            |       |    32 |    46 |    48 |   261 |    62 ||   449
       Staff             |       |       |       |       |       |     1 ||     1
Throw: Dart              |       |       |     1 |     3 |       |       ||     4
 Cast: Shock             |    81 |   170 |   227 |   359 |   299 |    93 ||  1229
       Static Discharge  |       |     7 |     2 |     7 |     5 |       ||    21
       Airstrike         |       |       |    18 |   193 |   428 |   232 ||   871
       Lightning Bolt    |       |       |       |     8 |    71 |    27 ||   106
       Blink             |       |       |       |       |    10 |       ||    10
       Summon Lightning  |       |       |       |       |    76 |   104 ||   180
       Storm Form        |       |       |       |       |       |    10 ||    10
Invok: Potion Petition   |       |       |       |     1 |     2 |       ||     3
       Call Merchant     |       |       |       |       |       |     2 ||     2
Evoke: Wand              |       |       |     6 |     1 |    10 |     2 ||    19
  Use: Scroll            |       |     9 |     4 |     7 |    14 |    10 ||    44
       Potion            |       |       |     2 |     6 |     8 |     2 ||    18
 Stab: Sleeping          |       |       |     2 |       |     2 |     3 ||     7
       Paralysed         |       |       |       |     1 |       |       ||     1
       Distracted        |       |       |       |       |     2 |     6 ||     8
Armor: Skin              |     2 |     7 |       |     3 |    21 |    46 ||    79
Dodge: Dodged            |    19 |    66 |    64 |   103 |   160 |   268 ||   680
Block: Kite shield       |       |       |       |       |   138 |   108 ||   246

Table legend: (Time is in decaauts)
 A = Elapsed time spent in this place.
 B = Non-inter-level travel time spent in this place.
 C = Inter-level travel time spent in this place.
 D = Time resting spent in this place.
 E = Time spent auto-exploring this place.
 F = Levels seen in this place.
 G = Mean time per level.
                   A        B        C        D        E       F      G
               +--------+--------+--------+--------+--------+-----+--------+
         Total |  57499 |  54186 |   3313 |  27584 |  12374 |  30 | 1916.6 |
       Dungeon |  29983 |  28474 |   1509 |  14113 |   7759 |  15 | 1998.9 |
        Temple |     23 |     23 |      0 |      0 |      0 |   1 |   23.0 |
          Lair |  14424 |  13055 |   1369 |   6919 |   2654 |   5 | 2884.8 |
         Swamp |   6841 |   6630 |    211 |   3824 |    963 |   4 | 1710.2 |
   Spider Nest |   1039 |   1039 |      0 |    377 |    346 |   1 | 1039.0 |
  Orcish Mines |   3454 |   3232 |    222 |   1445 |    641 |   2 | 1727.0 |
         Sewer |   1080 |   1080 |      0 |    680 |      0 |   1 | 1080.0 |
      Gauntlet |    650 |    650 |      0 |    226 |     11 |   1 |  650.0 |
               +--------+--------+--------+--------+--------+-----+--------+

Top non-repeatable levels by time:
  Lair:4: 4265 daAuts
  Lair:5: 3708 daAuts
    D:13: 3231 daAuts
    D:14: 2786 daAuts
    D:12: 2728 daAuts
  Lair:3: 2505 daAuts
    D:11: 2443 daAuts
   Orc:2: 2436 daAuts
     D:7: 2250 daAuts
    D:15: 2240 daAuts
     D:3: 2170 daAuts
  Lair:2: 2116 daAuts
    D:10: 2016 daAuts
     D:9: 1997 daAuts
 Swamp:2: 1906 daAuts

Table legend:
 A = Kills in this place as a percentage of kills in entire the game.
 B = Kills by you in this place as a percentage of kills by you in the entire game.
 C = Kills by friends in this place as a percentage of kills by friends in the entire game.
 D = Other kills in this place as a percentage of other kills in the entire game.
 E = Experience gained in this place as a percentage of experience gained in the entire game.
 F = Experience gained in this place divided by the number of levels of this place that you have seen.
                   A       B       C       D       E      F
               +-------+-------+-------+-------+-------+----------------------
         Total | 100.0 | 100.0 | 100.0 | 100.0 | 100.0 | 7462.3
       Dungeon |  47.5 |  50.3 |  34.2 |  50.0 |  37.1 | 5536.9
          Lair |  16.9 |  20.6 |   0.0 |   0.0 |  23.8 | 10635.6
         Swamp |  12.6 |  10.4 |  21.9 |  50.0 |  26.5 | 14855.8
   Spider Nest |   3.8 |   3.5 |   5.2 |   0.0 |   4.9 | 10904.0
  Orcish Mines |  13.7 |   8.5 |  38.7 |   0.0 |   6.7 | 7519.0
         Sewer |   4.9 |   6.0 |   0.0 |   0.0 |   0.2 | 340.0
      Gauntlet |   0.6 |   0.7 |   0.0 |   0.0 |   0.9 | 1931.0
               +-------+-------+-------+-------+-------+----------------------
